 Dungeon Crawl Stone Soup version 0.13-a0-2606-g170388b (console) character file.

327 Shadowcaster the Covered (level 6, -3/48 HPs)
             Began as a Human Fighter on Aug 4, 2013.
             Slain by Edmund
             ... wielding a +0,+0 dire flail
              (8 damage)
             ... on Level 3 of the Dungeon.
             The game lasted 00:30:03 (3832 turns).

Shadowcaster the Covered (Human Fighter)            Turns: 3832, Time: 00:30:03

HP  -3/48        AC 11     Str 17      XL: 6   Next: 30%
MP   5/5         EV  2     Int  8      God:
Gold 86          SH  0     Dex 14      Spells:  0 memorised,  5 levels left

Res.Fire  : . . .   See Invis. : .   a - +0 mace
Res.Cold  : . . .   Warding    : .   r - +0 plate armour
Life Prot.: . . .   Conserve   : .   c - +0 shield
Res.Poison: .       Res.Corr.  : .   (no helmet)
Res.Elec. : .       Clarity    : .   (no cloak)
Sust.Abil.: . .     Spirit.Shd : .   (no gloves)
Res.Mut.  : .       Stasis     : .   (no boots)
Res.Rott. : .       Flight     : .   (no amulet)
Saprovore : . . .                    (no ring)
                                     (no ring)

@: confused, slightly resistant to hostile enchantments, extremely unstealthy
A: no striking features
a: no special abilities


You were on level 3 of the Dungeon.
You were not hungry.

You visited 1 branch of the dungeon, and saw 4 of its levels.

You collected 66 gold pieces.

Inventory:

Hand weapons
 a - a +0,+0 mace (weapon)
 u - a +0,+0 whip
Armour
 b - a +0 scale mail
 c - a +0 shield (worn)
 k - a +0 cap
 r - a +0 plate armour (worn)
 v - a +2 robe
 w - a cursed +0 scale mail
Magical devices
 f - a wand of random effects (13) {unknown}
Comestibles
 d - 6 bread rations
 l - 10 strawberries
 q - 4 pears
 t - 11 grapes
Scrolls
 e - 4 scrolls of remove curse {unknown}
 g - 2 scrolls of noise {unknown}
 h - a scroll of magic mapping {unknown}
 i - 2 scrolls of identify {unknown}
 m - a scroll of curse weapon {unknown}
 p - a scroll of curse armour {unknown}
 s - a scroll of curse jewellery {unknown}
 x - 2 scrolls of teleportation {unknown}
Jewellery
 n - an uncursed amulet of guardian spirit {unknown}
Potions
 j - a potion of brilliance {unknown}


   Skills:
 + Level 3.9 Fighting
 + Level 2.6 Maces & Flails
 + Level 4.3 Armour
 + Level 2.3 Dodging
 + Level 4.0 Shields


You had 5 spell levels left.
You didn't know any spells.

Dungeon Overview and Level Annotations

Branches:
Dungeon (4/27)
 Temple: D:4-7

Altars:
Fedhas
Makhleb

Annotations
D:2 exclusion: oklob plant
D:3 Edmund


Message History

You block Edmund's attack.
You hit Edmund.
Edmund is severely wounded.
Edmund hits you with a dire flail.
* * * LOW HITPOINT WARNING * * *
Your plate armour prevents you from hitting Edmund.
Edmund is severely wounded.
You block Edmund's attack.
You hit Edmund.
Edmund is severely wounded.
Edmund hits you with a dire flail.
* * * LOW HITPOINT WARNING * * *
You hit Edmund but do no damage.
Edmund is severely wounded.
You block Edmund's attack. Edmund hits you but does no damage.
You are confused.
It was a potion of confusion.
Edmund hits you with a dire flail.
* * * LOW HITPOINT WARNING * * *
Ouch! Edmund hits you with a dire flail!
You die...

#.#......#
#...#########≈####
#.######.#
#................. #.#
#.###)..#########.####
#####.#
#..........######.....
....#.#
#..(...........#######
.##.#.#
##.........###.# #.
.##S#.# ####...####
#.# #K .##.#.# #...#
#.# #. .##>#.# #...#
#.######. ..o..o#
#..## #......#.
..#h### #@## ######=#I
..#.#
#@#############.#.
#.#.#
#................. #.#
###..##########.....
#.# #.......# #.#.#.
... # #.......#####
#.#.#. ###
#.###............
..#.#.
#..........######.
.... #.##..........#
## #.## #........#.#
#.#
###########........#.#
.


You could see Edmund.

Vanquished Creatures
  2 big fish (D:2)
  An orc wizard (D:3)
  Ijyb (D:3)
  6 adders
  2 giant mites
  2 giant geckos
  4 orcs (D:3)
  2 ball pythons
  4 giant cockroaches
  4 goblins
  2 hobgoblins
  8 jackals
  A quokka (D:3)
  10 bats
  3 giant newts
  11 kobolds
  4 rats
67 creatures vanquished.

Vanquished Creatures (others)
  14 toadstools (D:2)
14 creatures vanquished.

Grand Total: 81 creatures vanquished

Notes
Turn   | Place    | Note
--------------------------------------------------------------
     0 | D:1      | Shadowcaster, the Human Fighter, began the quest for the Orb.
     0 | D:1      | Reached XP level 1. HP: 18/18 MP: 0/0
   166 | D:1      | Reached XP level 2. HP: 18/24 MP: 1/1
   445 | D:1      | Reached XP level 3. HP: 21/30 MP: 2/2
   787 | D:2      | Reached skill level 1 in Dodging
   978 | D:2      | Reached XP level 4. HP: 28/36 MP: 3/3
  1259 | D:2      | Found a blossoming altar of Fedhas.
  1320 | D:2      | Noticed an oklob plant
  1895 | D:2      | Reached XP level 5. HP: 35/42 MP: 4/4
  2100 | D:3      | Found a burning altar of Makhleb.
  2144 | D:3      | Noticed Ijyb
  2158 | D:3      | Killed Ijyb
  2158 | D:3      | Reached skill level 4 in Armour
  2397 | D:3      | Noticed a sky beast
  2531 | D:3      | HP: 2/42 [adder (2)]
  2948 | D:4      | Noticed Edmund
  3070 | D:3      | Reached XP level 6. HP: 16/48 MP: 5/5
  3832 | D:3      | Slain by Edmund

Action                   |  1- 3 |  4- 6 || total
-------------------------+-------+-------++-------
Melee: Mace              |    84 |   341 ||   425
  Use: Potion            |       |     7 ||     7
